← All builds
Geo sea / Armada / Economy first / OBSERVED BUILD

Standard geo sea

Armada Geo sea build order · Supreme Isthmus

Shipyard in the cove backed by a bot lab, pushing out early submarines and destroyers to contest the sea while teching up to a geothermal plant around 7:46, the role's bread-and-butter naval contest.

Usually shipyard in the cove (88%)

#naval #eco · 822 distinct matches · 106 players · 80% of Armada Geo sea games · team won 54% of 879 · Recently observed

HOW TO PLAY IT

Key timing: Shipyard by 3:11

  1. Take mex and wind, start bot lab first for early defence.
  2. Finish bot lab, then build shipyard in the cove.
  3. Push first submarine out to contest the sea.
  4. Add destroyer as the main contesting force.
  5. Transition into geothermal plant and advanced metal extractor.

Phase by phase

TYPICAL OF ITS 822 GAMES
  1. 1
  2. 2
  3. 3
  4. 4
PLAY THE OPENING

Follow the example game's first 6:00 step by step: what to build now, what comes next, and where it goes. At 1× it keeps pace with your own game.

  1. 1

    Up to the Bot Lab

    Economy
    • Metal Extractor3Mex
    • Wind Turbine3Wind
    Order
    1. Bot LabBot Lab after 3 mex, 3 winddone ~1:12, middle half 1:06–1:17

    Some games also: wind for allies (43%)

    By 0:55 in all: 3 mex · 3 wind

    The example game in this phase · 5 steps
    1. Mex ×3
    2. Wind ×4
    3. Energy storage
    4. Wind
    5. Bot LabBot Labdone 1:36 · typical 1:12
  2. 2

    Bot Lab to Shipyard

    Economy
    • Metal Extractor1Mex
    • Wind Turbine1Wind
    Order
    1. ShipyardShipyard after 4 mex, 4 winddone ~3:12, middle half 2:51–3:37
    Builders
    • Construction Bot3 Con bot
    • Lazarus2 Lazarus

    Some games also: pawn (45%) · con turret (39%) · crossbow (36%)

    By 2:48 in all: 4 mex · 4 wind

    The example game in this phase · 9 steps
    1. Construction BotCon bot
    2. LazarusLazarus ×3
    3. Construction BotCon bot
    4. PawnPawn
    5. Con turret
    6. CrossbowCrossbow
    7. Mex
    8. Converter ×4
    9. ShipyardShipyarddone 3:45 · typical 3:12
  3. 3

    Shipyard to 5:00

    Economy
    • Metal Extractor4Mex
    • Wind Turbine1Wind
    Builders
    • Construction Ship1 Con ship
    Army
    • Dolphin3 Dolphin
    • Skater1 Skater
    Other
    • Radar Tower1 Radar Tower

    Some games also: destroyer (50%) · submarine (44%) · Sentry (43%) · converter (34%) · pawn (31%)

    By 5:00 in all: 8 mex · 7 wind · 1 energy storage · 1 con turret

    The example game in this phase · 12 steps
    1. Mex
    2. Construction ShipCon ship
    3. Con turret
    4. EelSubmarinedone 4:14 · typical 4:21
    5. Mex ×2
    6. Wind
    7. SkaterSkater
    8. Wind
    9. Mex
    10. CorsairDestroyerdone 4:55 · typical 5:36
    11. Wind ×2
    12. Geothermal PowerplantGeodone 5:53 · typical 7:46
  4. 4

    5:00 to 10:00

    Economy
    • Metal Extractor2Mex
    • Wind Turbine12Wind
    • Energy Converter3Converter
    Builders
    • Construction Turret1 Con turret
    • Grim Reaper2 Grim Reaper
    • Construction Ship1 Con ship
    Army
    • Sentry1 Sentry
    • Dolphin4 Dolphin
    • Skater2 Skater
    • Corsair2 Destroyer

    Some games also: Radar Tower (48%) · Harpoon (41%) · geo (40%) · frigate (39%) · Naval Construction Turret (33%)

    By 10:00 in all: 11 mex · 19 wind · 1 geo · 4 converter · 1 energy storage · 2 con turret

    The example game in this phase · 110 steps
    1. Wind ×2
    2. Mex
    3. EllysawFrigate
    4. CorsairDestroyer
    5. Wind ×2
    6. Naval Radar / Sonar TowerNaval Radar / Sonar Tower
    7. Con turret
    8. SentrySentry
    9. Converter
    10. NettleNettle
    11. Radar TowerRadar Tower
    12. Converter ×2
    13. Mex
    14. Converter ×2
    15. Construction ShipCon ship
    16. Converter
    17. Mex
    18. Converter
    19. NettleNettle
    20. Converter
    21. SentrySentry
    22. CorsairDestroyer
    23. Naval Construction Turret
    24. Wind
    25. Naval Radar / Sonar TowerNaval Radar / Sonar Tower
    26. Radar TowerRadar Tower
    27. Naval Construction Turret
    28. Wind
    29. Con turret
    30. EllysawFrigate
    31. Wind
    32. SkaterSkater
    33. Grim ReaperGrim Reaper
    34. Wind ×2
    35. CorsairDestroyer
    36. Wind
    37. EllysawFrigate
    38. Wind
    39. Grim ReaperGrim Reaper
    40. Naval Radar / Sonar TowerNaval Radar / Sonar Tower
    41. Wind
    42. EllysawFrigate
    43. Wind
    44. Naval Radar / Sonar TowerNaval Radar / Sonar Tower
    45. SkaterSkater
    46. Wind
    47. SkaterSkater
    48. Wind
    49. Con turret
    50. Wind ×4
    51. EllysawFrigate
    52. Wind
    53. CorsairDestroyer
    54. Wind
    55. Mex
    56. Wind ×5
    57. Mex
    58. Wind ×3
    59. Construction ShipCon ship
    60. Wind
    61. Advanced Metal ExtractorT2 mexdone 10:57 · typical 9:19
    62. Wind ×5
    63. Con turret
    64. Wind ×3
    65. Advanced ShipyardAdvanced Shipyarddone 11:16
    66. Wind ×3
    67. Advanced Metal ExtractorT2 mex
    68. Wind ×3
    69. Grim ReaperGrim Reaper
    70. Wind
    71. Advanced Construction SubAdvanced Construction Sub
    72. Wind
    73. Grim ReaperGrim Reaper
    74. Wind
    75. VoyagerVoyager
    76. Wind
    77. Naval Advanced Metal ExtractorNaval Advanced Metal Extractordone 12:09
    78. Advanced Metal ExtractorT2 mex
    79. Wind
    80. VoyagerVoyager
    81. Wind
    82. Mex
    83. DreadnoughtBattleshipnot finished by 15:00
    84. Wind ×3
    85. Naval Advanced Metal ExtractorNaval Advanced Metal Extractor
    86. Naval Radar / Sonar TowerNaval Radar / Sonar Tower
    87. Wind
    88. Advanced Metal ExtractorT2 mex
    89. Wind
    90. SkaterSkater ×3
    91. BermudaRadar jammer ship
    92. Wind ×3
    93. DreadnoughtBattleship
    94. Naval Advanced Metal ExtractorNaval Advanced Metal Extractor
    95. Wind
    96. Advanced Metal ExtractorT2 mex
    97. Wind ×6
    98. Advanced Metal ExtractorT2 mex
    99. Wind
    100. Advanced Geothermal PowerplantAdvanced Geothermal Powerplantnot finished by 15:00
    101. Naval Energy Storage
    102. MorayMoraynot finished by 15:00
    103. Wind
    104. Naval Construction Turret
    105. Wind ×2
    106. Naval Construction Turret
    107. PaladinCruiserdone 14:48
    108. Naval Construction Turret
    109. Con turret
    110. PaladinCruiser

Counts are medians over the build's games: half of them build more, half fewer. The example game is Zeker_niet_Philipp's (38 OS, 04/10/2026); pick another.

Team trades

IN AT LEAST 30% OF ITS GAMES

You hand over

  • Wind Turbine2 Wind to Airfirst at 1:41 · in 60% of games

You get

  • Finch1 Finch from Airfirst at 1:52 · in 73% of games
  • Hercules1 Light transport from Airfirst at 2:05 · in 61% of games
  • Advanced Construction Bot1 T2 con bot from Techfirst at 7:42 · in 89% of games

How it plays out

Typical game of this build, running totals by minute

Metal produced

010k20k30k
0:005:0010:0015:00

metal

Enemy metal destroyed

05k10k
0:005:0010:0015:00

metal

Own metal lost

02.5k5k7.5k
0:005:0010:0015:00

metal

879 games.

Show as table
ByMetal produced: This buildEnemy metal destroyed: This buildOwn metal lost: This build
1:0039500
2:0092800
3:00160900
4:002893040
5:00414117554
6:005550541300
7:0071051001615
8:00873917051011
9:001061524581655
10:001290433332246
11:001549945823171
12:001850357053963
13:002179068434827
14:002544778555665
15:002895489766607
WHAT THE NUMBERS SAY

Standard Geo sea play, backed by a bot lab before the shipyard, with a 53% team win rate matching the other sea role closely.

  • + Geothermal finishes by 7:46 in 58% of games, funding the economy transition.
  • − Enemy metal destroyed only 8994 by 15:00 versus own losses of 6662, a close sea fight.
THE EXAMPLE YOU ARE READING

Zeker_niet_Philipp

38.1 OS · 04/10/2026

Open source match ↗

2 received units · includes a constructor
3 metal received · 32308 energy received

Allied construction assistance is unknown. Timings are observations, not a promise of solo reproducibility.

Typical milestones

Bot Lab1:12Middle 50%: 1:06–1:17 · n=845
Shipyard3:12Middle 50%: 2:51–3:37 · n=868
Eel4:21Middle 50%: 3:41–5:29 · n=519
Corsair5:36Middle 50%: 4:53–6:34 · n=813
Geothermal Powerplant7:46Middle 50%: 6:49–9:15 · n=535
Advanced Metal Extractor9:19Middle 50%: 8:37–10:06 · n=766

Played most by

_X_86games of this buildOptimusprimenutt52games of this buildKingBenjai50games of this buildWashedGamuer49games of this buildRexalidus37games of this build
Standard geo sea · Armada Geo sea build order · BAR Build Atlas